 Dungeon Crawl Stone Soup version 0.32-a0-872-g59262bdc9b (webtiles) character file.

Game seed: 10061482947666442772

100 Griffin23 the Trooper (level 4, -3/12 HPs)
             Began as a Minotaur Fighter on Mar 30, 2024.
             Was a Plaything of Xom.
             Killed from afar by Sigmund (6 damage)
             ... with a puff of flame
             ... on level 3 of the Dungeon.
             The game lasted 00:09:10 (16431 turns).

Griffin23 the Trooper (Minotaur Fighter)           Turns: 16431, Time: 00:09:11

Health: -3/12      AC:  8    Str: 20    XL:     4   Next: 46%
Magic:  3/3        EV:  8    Int:  8    God:    Xom [......]
Gold:   72         SH:  5    Dex: 15    Spells: 3/3 levels left

rFire   . . .        a - +0 long sword
rCold   + . .        c - +0 buckler
rNeg    . . .        b - +0 scale mail
rPois   .            (helmet restricted)
rElec   .            (no cloak)
rCorr   .            (no gloves)
SInv    .            l - +0 pair of boots
Will    .....        (no amulet)
Stlth   +            (no ring)
HPRegen 0.22/turn    (no ring)
MPRegen 0.08/turn

%: no passive effects
@: mighty
A: horns 2, retaliatory headbutt, hooves 2, thin skeletal structure 1, agile 1,
clever 1, cold resistance 1, mutation resistance 1
a: Renounce Religion


You were on level 3 of the Dungeon.
You worshipped Xom.
You were a very special plaything of Xom.
You visited 1 branch of the dungeon, and saw 4 of its levels.

You collected 72 gold pieces.

Inventory:

Hand Weapons
 a - a +0 long sword (weapon)
Armour
 b - a +0 scale mail (worn)
 c - a +0 buckler (worn)
 l - a +0 pair of boots (worn)
Wands
 n - a wand of flame (16)
Scrolls
 h - a scroll of revelation {unknown}
 i - a scroll of identify {unknown}
 k - 2 scrolls of teleportation {unknown}
 m - a scroll of torment {unknown}
Potions
 d - a potion of might
 e - a potion of curing {unknown}
 f - a potion of cancellation {unknown}
 g - a potion of haste {unknown}
 j - a potion of brilliance {unknown}


   Skills:
 + Level 4.4 Fighting
 * Level 3.9 Long Blades
 + Level 4.3 Armour
 + Level 4.3 Shields


You had 3 spell levels left.
You didn't know any spells.
Your spell library contained the following spells:

 Spells                   Type           Power      Damage    Failure   Level
 Apportation              Tloc           0%         N/A       83%         1
 Necrotise                Necr           0%         1d4       83%         1
 Sting                    Conj/Alch      0%         1d3       83%         1
 Summon Small Mammal      Summ           0%         N/A       83%         1
 Sublimation of Blood     Necr           0%         N/A       92%         2
 Fugue of the Fallen      Necr           0%         N/A       99%         3
 Ozocubu's Armour         Ice            0%         N/A       99%         3
 Petrify                  Alch/Erth      0%         N/A       100%        4
 Irradiate                Conj/Alch      0%         3d11      100%        5
 Manifold Assault         Tloc           0%         N/A       100%        7


Dungeon Overview and Level Annotations

Branches:
Dungeon (4/15)
 Temple: D:4-7

Altars:
Xom

Annotations:
D:3 Sigmund


Innate Abilities, Weirdness & Mutations

You have a pair of horns on your head.
You reflexively headbutt those who attack you in melee.
You have hoof-like feet.
You have a somewhat thin skeletal structure. (Dex +2, Stealth+)
You are agile. (Dex +4, Str/Int -1)
Your mind is acute. (Int +4, Str/Dex -1)
Your flesh is cold resistant. (rC+)
You are somewhat resistant to further mutation.


Message History

You climb upwards.
Level annotation: Sigmund The kobold hits you but does no damage.
The kobold misses you.
There is a stone staircase leading down here.
You hit the kobold.
The kobold is moderately wounded.
The kobold hits you with a +0 dagger.
You hit the kobold.
You kill the kobold!
You climb downwards.
There is a stone staircase leading up here.
You start resting.
HP restored.
You climb upwards.
Level annotation: Sigmund Sigmund casts a spell.
Sigmund flickers and vanishes!
Deactivating autopickup; reactivate with Ctrl-A.
There is a stone staircase leading down here.
No target in view!
Something hits you but does no damage.
You barely miss something. Your headbutt misses something.
Something hits you but does no damage.
You slash something! Something hits you!
Ouch! That really hurt!
You miss something. You block something's attack.
You hit something. Something hits you but does no damage.
You feel very mighty all of a sudden.
You closely miss something. Something hits you.
* * * LOW HITPOINT WARNING * * *
You miss something. Something hits you but does no damage.
You closely miss something.
You hear some strange, mumbled words.
Something tries to affect you, but you resist.
You slash something!
You hear some strange, mumbled words.
A puff of flame appears from out of thin air!
The puff of flame hits you.
Ouch! That really hurt!
You die...

##..........
#..######... #.## #..<
##.# #.## ###..# #...
##...########### #####
#..#†...........
......###'##.###########
......{@.>)..##########
......................#
####..................#
#..................#
#.........#........#
#############..#####
##.# #.## #..####


There were no monsters in sight!

Vanquished Creatures
  Terence (D:3)
  2 adders (D:2)
  3 dart slugs
  2 ribbon worms
  6 ball pythons
  A bat (D:2)
  3 endoplasms
  4 giant cockroaches
  4 goblins
  3 hobgoblins
  4 quokkas
  2 frilled lizards
  5 kobolds
  2 rats
42 creatures vanquished.

Notes
Turn   | Place    | Note
-------+----------+-------------------------------------------
     0 | D:1      | Griffin23 the Minotaur Fighter began the quest for the Orb.
     0 | D:1      | Reached XP level 1. HP: 19/19 MP: 0/0
   172 | D:1      | Reached XP level 2. HP: 23/27 MP: 1/1
   409 | D:2      | Found a faded altar of an unknown god.
   492 | D:2      | Prayed at the altar of an unknown god.
   492 | D:2      | Became a worshipper of The Xom-Meister
   505 | D:2      | XOM: divination: detect creatures
   527 | D:2      | Reached XP level 3. HP: 33/33 MP: 2/2
   899 | D:2      | XOM: noise
  1818 | D:2      | XOM: summons 3 hostile shadow creatures
  2094 | D:2      | XOM: give mutations
  2094 | D:2      | Gained mutation: Your spells are a little easier to cast,
                  | but a little less powerful. [Xom's mischief]
  2094 | D:2      | Gained mutation: You passively map a small area around you.
                  | [Xom's mischief]
  2094 | D:2      | Gained mutation: You are strong-willed. (Will+) [Xom's
                  | mischief]
  2184 | D:2      | XOM: noise
  2679 | D:2      | XOM: 1-stop teleportation journey
  2908 | D:2      | XOM: 9-stop teleportation journey
  2978 | D:2      | XOM is BORED!
  2978 | D:2      | XOM: give mutations
  2978 | D:2      | Gained mutation: You occasionally lose the ability to drink
                  | potions when taking damage. [Xom's mischief]
  2978 | D:2      | Gained mutation: You have large cloven feet. [Xom's
                  | mischief]
  2978 | D:2      | Gained mutation: You passively map the area around you.
                  | [Xom's mischief]
  2978 | D:2      | Lost mutation: You are strong-willed. (Will+) [Xom's
                  | mischief]
  3741 | D:2      | XOM: 2-stop teleportation journey
  3743 | D:2      | XOM: silly message
  4590 | D:2      | XOM: 1-stop teleportation journey
  5575 | D:2      | XOM: scenery: summon butterflies
  6066 | D:2      | XOM: give mutations
  6066 | D:2      | Gained mutation: Your flesh is cold resistant. (rC+) [Xom's
                  | grace]
  6066 | D:2      | Gained mutation: You have a somewhat thin skeletal
                  | structure. (Dex +2, Stealth+) [Xom's grace]
  6193 | D:2      | XOM is BORED!
  6193 | D:2      | XOM: summons 1 hostile demon
  6828 | D:2      | XOM: silly message
  7197 | D:2      | XOM: give mutations
  7197 | D:2      | Gained mutation: You have hoof-like feet. [Xom's grace]
  7197 | D:2      | Gained mutation: You are strong-willed. (Will+) [Xom's
                  | grace]
  7197 | D:2      | Gained mutation: You expend magic power (3 MP) to
                  | strengthen your wands. [Xom's grace]
  8613 | D:2      | XOM: give mutations
  8613 | D:2      | Gained mutation: Your mind is acute. (Int +4, Str/Dex -1)
                  | [Xom's mischief]
  8613 | D:2      | Lost mutation: Your spells are a little easier to cast, but
                  | a little less powerful. [Xom's mischief]
  8613 | D:2      | Lost mutation: You passively map the area around you.
                  | [Xom's mischief]
  8613 | D:2      | Lost mutation: You passively map a small area around you.
                  | [Xom's mischief]
  8723 | D:2      | XOM: cloud trail
  8759 | D:2      | XOM is BORED!
  9210 | D:2      | XOM: 9-stop teleportation journey
  9435 | D:2      | XOM: god gift: inky potion {god gift}
 10939 | D:2      | XOM: 2-stop teleportation journey
 10983 | D:2      | Glimpsed the power of Zot.
 11010 | D:2      | XOM: give mutation
 11010 | D:2      | Gained mutation: Your spells are a little harder to cast,
                  | but a little more powerful. [Xom's grace]
 11288 | D:2      | XOM: give mutations
 11288 | D:2      | Gained mutation: Your flesh is heat resistant. (rF+) [Xom's
                  | grace]
 11288 | D:2      | Gained mutation: You are agile. (Dex +4, Str/Int -1) [Xom's
                  | grace]
 11288 | D:2      | Gained mutation: You are covered in fur. (AC +1) [Xom's
                  | grace]
 11425 | D:2      | XOM: god gift: pair of boots {god gift}
 11456 | D:2      | XOM: 1-stop teleportation journey
 11483 | D:2      | Glimpsed the power of Zot.
 11784 | D:2      | XOM: god gift: book of Cantrips
 11883 | D:2      | Glimpsed the power of Zot.
 11894 | D:2      | XOM: god gift: book of Battle
 11983 | D:2      | Touched by the power of Zot (MHP 33 -> 25)
 11984 | D:2      | Glimpsed the power of Zot.
 12084 | D:2      | XOM: 5-stop teleportation journey
 12149 | D:2      | XOM: scenery: summon butterflies
 12484 | D:2      | Glimpsed the power of Zot.
 12732 | D:2      | XOM is BORED!
 12732 | D:2      | XOM: summons 2 hostile demons
 12880 | D:2      | Glimpsed the power of Zot.
 12980 | D:2      | Touched by the power of Zot (MHP 24 -> 17)
 12981 | D:2      | Glimpsed the power of Zot.
 13481 | D:2      | Glimpsed the power of Zot.
 13744 | D:2      | XOM: silly message
 13881 | D:2      | Glimpsed the power of Zot.
 13980 | D:2      | Touched by the power of Zot (MHP 16 -> 11)
 13981 | D:2      | Glimpsed the power of Zot.
 14481 | D:2      | Glimpsed the power of Zot.
 14683 | D:2      | XOM: 4-stop teleportation journey
 14742 | D:2      | XOM: give mutations
 14742 | D:2      | Lost mutation: You occasionally lose the ability to drink
                  | potions when taking damage. [Xom's mischief]
 14742 | D:2      | Lost mutation: You expend magic power (3 MP) to strengthen
                  | your wands. [Xom's mischief]
 14742 | D:2      | Gained mutation: You are frail. (-10% HP) [Xom's mischief]
 14742 | D:2      | Lost mutation: You are covered in fur. (AC +1) [Xom's
                  | mischief]
 14768 | D:2      | XOM is BORED!
 14768 | D:2      | XOM: noise
 14881 | D:2      | Glimpsed the power of Zot.
 14980 | D:2      | Touched by the power of Zot (MHP 9 -> 5)
 14981 | D:2      | Glimpsed the power of Zot.
 15481 | D:2      | Glimpsed the power of Zot.
 15876 | D:2      | XOM: give mutations
 15876 | D:2      | Gained mutation: Potions are less effective at restoring
                  | your health. [Xom's mischief]
 15876 | D:2      | Lost mutation: Your spells are a little harder to cast, but
                  | a little more powerful. [Xom's mischief]
 15876 | D:2      | Lost mutation: You are strong-willed. (Will+) [Xom's
                  | mischief]
 15876 | D:2      | Gained mutation: You are somewhat resistant to further
                  | mutation. [Xom's mischief]
 15881 | D:2      | Glimpsed the power of Zot.
 15980 | D:2      | Touched by the power of Zot (MHP 5 -> 2)
 15981 | D:2      | Glimpsed the power of Zot.
 15989 | D:2      | XOM: give mutations
 15989 | D:2      | Lost mutation: You are frail. (-10% HP) [Xom's mischief]
 15989 | D:2      | Lost mutation: Your flesh is heat resistant. (rF+) [Xom's
                  | mischief]
 15989 | D:2      | Lost mutation: Potions are less effective at restoring your
                  | health. [Xom's mischief]
 16079 | D:3      | Reached XP level 4. HP: 11/11 MP: 3/3
 16105 | D:3      | XOM: stat loss: -1 Int (7/8)
 16110 | D:3      | XOM: butterfly on damage
 16203 | D:3      | Noticed Terence
 16208 | D:3      | Killed Terence
 16264 | D:3      | Noticed Sigmund
 16369 | D:3      | XOM: butterfly on damage
 16431 | D:3      | Killed from afar by Sigmund

Illustrated notes

Levels and vault maps discovered:
D:1:      dpeg_arrival_stone_temple_mockup, layout_basic
D:2:      layout_loops_ring, chequers_ecumenical_altar_simple
D:3:      layout_basic, uniq_sigmund, uniq_terence, uniq_ijyb
D:4:      layout_gridville, marbit_many_paths, serial_shops, shop

Skill      XL: |  1  2 |
---------------+-------+-----
Long Blades    | 3 |  3.9
Armour         | 4 |  4.3
Shields        | 4 |  4.3
Fighting       | 4 |  4.4

Action                     |  1- 3 |  4- 6 || total
---------------------------+-------+-------++-------
  Melee: Long sword        |    90 |    27 ||   117
         Headbutt          |    14 |     3 ||    17
    Use: Potion            |     1 |     1 ||     2
 Armour: Scale mail        |    61 |    19 ||    80
  Dodge: Dodged            |    44 |     7 ||    51
  Block: Buckler           |    21 |     5 ||    26

Table legend: (Time is in decaauts)
 A = Elapsed time spent in this place.
 B = Non-inter-level travel time spent in this place.
 C = Inter-level travel time spent in this place.
 D = Time resting spent in this place.
 E = Time spent auto-exploring this place.
 F = Levels seen in this place.
 G = Mean time per level.
                   A        B        C        D        E       F      G
               +--------+--------+--------+--------+--------+-----+--------+
         Total |  16463 |  16424 |     39 |  15470 |    619 |   4 | 4115.8 |
       Dungeon |  16463 |  16424 |     39 |  15470 |    619 |   4 | 4115.8 |
               +--------+--------+--------+--------+--------+-----+--------+

Top non-repeatable levels by time:
     D:2: 15624 daAuts
     D:1: 392 daAuts
     D:3: 299 daAuts
     D:4: 147 daAuts
